Map: Remanso LE

Players

IagoAbreu

  • Race: Protoss Protoss
  • League: Silver
  • Spawn Location: 5:00

TheArchitect - Winner!

  • Race: Protoss Protoss
  • League: Platinum
  • Spawn Location: 11:00

VOD

Have the link to the VOD?

Description

Time

  • Played on: March 10, 2018, 7:19 a.m.
  • Length: 7:38
Show
View Real Time Build Order
Export as new Build Order

IagoAbreu Protoss 

Build Orders:  

Get SALT Encoding   

  12  0:10  Pylon  
  12  0:13  Probe (Chrono Boost)  
  13  0:23  Probe (Chrono Boost)  
  14  0:39  Forge  
  14  0:44  Pylon  
  14  0:50  Probe  
  14  0:56  Assimilator  
  15  1:02  Probe (Chrono Boost)  
  16  1:14  Probe (Chrono Boost)  
  16  1:15  Photon Cannon  
  17  1:20  Probe (Chrono Boost)  
  18  1:31  Photon Cannon  
  18  1:41  Gateway  
  18  1:48  Probe  
  19  1:57  Gateway  
  19  2:04  Probe (Chrono Boost)  
  20  2:12  Assimilator  
  20  2:15  Probe (Chrono Boost)  
  21  2:18  Protoss Ground Weapons Level 1 (Chrono Boost)  
  21  2:32  Cybernetics Core  
  21  2:37  Probe  
  22  2:46  Gateway  
  22  2:49  Probe  
  23  2:57  Gateway  
  23  3:13  Adept x2  
  27  3:26  Pylon  
  27  3:31  Pylon  
  27  3:35  Adept  
  29  3:44  Adept  
  29  3:45  Adept  
  33  3:49  Adept  
  35  4:08  Protoss Shields Level 1 (Chrono Boost)  
  21  5:13  Adept x3  
  17  5:27  Probe (Chrono Boost)  
  8  6:30  Probe (Chrono Boost)  
  10  6:40  Probe (Chrono Boost)  
  10  6:45  Probe (Chrono Boost)  
  11  6:56  Probe (Chrono Boost)  
  12  7:08  Probe (Chrono Boost)  
  11  7:26  Photon Cannon  
Show
View Real Time Build Order
Export as new Build Order

TheArchitect Protoss - Winner!

Build Orders: Oracle Opening 

Get SALT Encoding   

  12  0:03  Probe  
  13  0:15  Probe  
  14  0:22  Pylon  
  14  0:27  Probe  
  15  0:40  Probe  
  16  0:46  Gateway  
  16  0:52  Probe  
  16  0:55  Assimilator  
  17  1:04  Probe  
  18  1:10  Forge  
  18  1:17  Pylon  
  18  1:20  Probe  
  19  1:32  Probe  
  20  1:34  Zealot  
  22  1:45  Cybernetics Core  
  21  2:10  Assimilator  
  21  2:22  Stargate  
  21  2:24  Probe  
  22  2:30  Gateway  
  22  2:36  Probe (Chrono Boost)  
  23  2:39  Warp Gate (Chrono Boost)  
  23  2:46  Probe (Chrono Boost)  
  23  2:50  Adept  
  26  2:51  Probe (Chrono Boost)  
  26  2:57  Pylon  
  27  3:03  Probe  
  28  3:08  Oracle (Chrono Boost)  
  31  3:16  Probe  
  31  3:19  Pylon  
  32  3:25  Photon Cannon  
  32  3:47  Nexus  
  32  3:53  Pylon  
  32  4:37  Void Ray  
  35  4:45  Photon Cannon  
  29  5:02  Zealot, Adept  
  29  5:40  Void Ray  
  29  5:42  Adept x2  
  37  6:08  Adept x2  
  37  6:31  Adept x2  
  39  6:42  Probe  
  40  6:54  Probe  
  41  6:57  Photon Cannon, Nexus  
  41  7:01  Gateway  
  41  7:06  Probe  
  42  7:15  Pylon  
  42  7:18  Probe  
  43  7:25  Photon Cannon  
Tags
 
Add a new tag
Caveats
  • Supply blocks, unpowered buildings, or Contaminate may cause inaccurate times.
  • Supply counts are checked every 10 seconds.